 Dungeon Crawl Stone Soup version 0.17.1-2-g5865329 (webtiles) character file.

373 Popo the Chopper (level 6, -5/57 HPs)
             Began as a Hill Orc Fighter on Jan 13, 2016.
             Killed by nerve-wracking pain
             ... invoked by Grinder
              (12 damage)
             ... while paralysed by Grinder
             ... on level 4 of the Dungeon.
             The game lasted 00:11:41 (4645 turns).

Popo the Chopper (Hill Orc Fighter)                 Turns: 4645, Time: 00:11:41

Health: -5/57      AC:  0    Str: 16    XL:     6   Next: 72%
Magic:  6/6        EV:  5    Int:  8    God:
Gold:   144        SH:  0    Dex: 15    Spells: 0 memorised, 5 levels left

rFire  . . .     SeeInvis .     (weapon currently unavailable)
rCold  . . .     Clarity  .     (armour currently unavailable)
rNeg   . . .     SustAt   .     (shield currently unavailable)
rPois  .         Gourm    .     (helmet currently unavailable)
rElec  .         Spirit   .     (cloak currently unavailable)
rCorr  .         Warding  .     (gloves currently unavailable)
rMut   .         Stasis   .     (boots currently unavailable)
MR     .....                    (no amulet)
Stlth  +.........               (ring currently unavailable)
                                (ring currently unavailable)

@: paralysed, bat-form, flying, very quick, not resistant to hostile
enchantments, very unstealthy
A: no striking features
a: no special abilities


You were on level 4 of the Dungeon.
You were not hungry.
You were in bat-form.
You visited 1 branch of the dungeon, and saw 4 of its levels.

You collected 144 gold pieces.

Inventory:

Hand Weapons
 a - a +0 war axe (melded)
Armour
 b - a +0 scale mail
 c - a +0 shield (melded)
 u - a +0 plate armour (melded)
Wands
 t - a wand of slowing (44)
Scrolls
 f - a scroll of enchant weapon {unknown}
 g - 2 scrolls of teleportation {unknown}
 h - 2 scrolls of fear {unknown}
 k - a scroll of fog {unknown}
 l - 6 scrolls of identify
 m - 2 scrolls of recharging {unknown}
 n - 2 scrolls of random uselessness {unknown}
 o - a scroll of immolation {unknown}
 s - a scroll of amnesia
Potions
 d - a potion of might
 i - 2 potions of brilliance
 r - a potion of curing
 v - a potion of heal wounds {unknown}
Comestibles
 e - 4 bread rations
 j - 2 chunks of flesh
 p - 2 meat rations
 q - a slice of pizza


   Skills:
 + Level 6.1 Fighting
 * Level 7.3 Axes
 - Level 3.2 Armour
 - Level 3.2 Shields


You had 5 spell levels left.
You didn't know any spells.

Dungeon Overview and Level Annotations

Branches:
Dungeon (4/15)
 Temple: D:4-7

Altars:
Cheibriados
Makhleb

Annotations:
D:4 Grinder


Message History

Grinder gestures at you. Pain shoots through your body!
You slash Grinder!
Grinder is severely wounded.
Grinder gestures at you.
You suddenly lose the ability to move!
Grinder gestures at you. You resist with significant effort.
Grinder gestures.
Grinder blinks!
Grinder zaps a wand.
You turn into a bat.
Your +0 war axe melds into your body.
Your +0 shield melds into your body.
Your +0 plate armour melds into your body.
Grinder hits you!
* * * LOW HITPOINT WARNING * * *
You writhe in agony.
* * * LOW HITPOINT WARNING * * *
Grinder gestures at you. Pain shoots through your body!
You die...

#.$.......# #.........#
#.........# .
#.........# ..
#.........#...
#.............
########.............
#...........†........
#............b...!...
#............5.......
####....................
...#........###...".....
........##### ###.......
....###...<..# .......
...#....####.# .......
.....#### ...#### ...###


You could see Grinder.

Vanquished Creatures
  A scorpion (D:2)
  2 orc wizards (D:4)
  Jessica (D:2)
  Natasha (thrice) (D:3)
  A worker ant (D:3)
  4 gnolls
  6 adders
  5 worms
  3 giant geckos
  8 orcs
  2 ball pythons
  6 giant cockroaches
  11 hobgoblins
  5 kobolds
  A quokka (D:2)
  6 bats
  3 giant newts
  10 goblins
  8 rats
86 creatures vanquished.

Notes
Turn   | Place    | Note
--------------------------------------------------------------
     0 | D:1      | Popo the Hill Orc Fighter began the quest for the Orb.
     0 | D:1      | Reached XP level 1. HP: 19/19 MP: 1/1
   258 | D:1      | Reached XP level 2. HP: 24/27 MP: 2/2
   670 | D:2      | Reached skill level 4 in Fighting
   793 | D:2      | Reached XP level 3. HP: 33/33 MP: 3/3
   840 | D:2      | Found a burning altar of Makhleb.
   924 | D:2      | Noticed Jessica
   932 | D:2      | Killed Jessica
   974 | D:2      | Reached XP level 4. HP: 27/41 MP: 4/4
   998 | D:2      | Reached skill level 5 in Axes
  1008 | D:2      | HP: 1/41 [gnoll/halberd (4)]
  2375 | D:2      | Reached XP level 5. HP: 47/47 MP: 5/5
  2390 | D:2      | Reached skill level 5 in Fighting
  3113 | D:3      | Reached skill level 6 in Axes
  4023 | D:3      | Noticed Natasha
  4032 | D:3      | Killed Natasha
  4032 | D:3      | Reached XP level 6. HP: 52/56 MP: 6/6
  4088 | D:3      | Found a snail-covered altar of Cheibriados.
  4135 | D:3      | Found a faded altar to an unknown god.
  4324 | D:3      | Noticed Natasha
  4331 | D:3      | Killed Natasha
  4331 | D:3      | Reached skill level 7 in Axes
  4354 | D:3      | Noticed Natasha
  4359 | D:3      | Killed Natasha
  4624 | D:4      | Noticed Grinder
  4640 | D:4      | Paralysed by Grinder for 6 turns
  4645 | D:4      | Killed from afar by Grinder

Action                   |  1- 3 |  4- 6 || total
-------------------------+-------+-------++-------
Melee: War axe           |    69 |   186 ||   255
  Use: Potion            |       |     3 ||     3
       Scroll            |       |     2 ||     2
  Eat: Chunk             |       |     6 ||     6
       Bread ration      |       |     1 ||     1
       Pizza             |       |     1 ||     1
